 Dungeon Crawl Stone Soup version 0.26-a0-854-gdc81c2f471 (webtiles) character file.

Game seed: 10572792445953271652

148636 Conn the Eclecticist (level 17, 0/106 HPs)
             Began as an Octopode Fire Elementalist on Nov 22, 2020.
             Was a High Priest of Vehumet.
             Killed by the air
             ... invoked by a wind drake
              (21 damage)
             ... on level 4 of the Shoals.
             The game lasted 02:33:22 (38217 turns).

Conn the Eclecticist (Octopode Fire Elementalist)  Turns: 38217, Time: 02:33:23

Health: 0/106      AC:  3    Str: 13    XL:     17   Next: 49%
Magic:  22/51      EV: 18    Int: 34    God:    Vehumet [*****.]
Gold:   200        SH:  5    Dex: 20    Spells: 6/47 levels left

rFire    . . .     SeeInvis +   a - +6 Majin-Bo {vamp, MP+6 Int+6}
rCold    . . .     Faith    .   (shield currently unavailable)
rNeg     . . .     Spirit   .   N - +2 hat
rPois    +         Reflect  +   E - amulet of reflection
rElec    +         Harm     .   F - ring of magical power
rCorr    .         Rampage  .   l - ring of protection from magic
MR       +++..                  e - ring of protection from magic
Stlth    +++++.....             m - +6 ring of dexterity
HPRegen  0.27/turn              v - ring of the Princeling {Wiz rElec rF- Str+5 Slay+2}
MPRegen  0.32/turn              p - ring of see invisible
                                L - ring "Peofiv" {rElec rPois rF+}
                                w - +6 ring of intelligence

@: about to teleport
A: almost no armour, stealthy swim, amphibious, 8 rings, constrict 8, camouflage
1, gelatinous body 1
a: Renounce Religion


You were on level 4 of the Shoals.
You worshipped Vehumet.
Vehumet was extremely pleased with you.
You visited 5 branches of the dungeon, and saw 25 of its levels.
You also visited: Bailey and Volcano.

You collected 2816 gold pieces.
You spent 2616 gold pieces at shops.

Inventory:

Hand Weapons
 a - the +6 Majin-Bo (weapon) {vamp, MP+6 Int+6}
   (You bought it in a shop on level 2 of the Orcish Mines)

   It inflicts no extra harm, but heals its wielder when it wounds a living foe.
   It affects your intelligence (+6).
   It affects your magic capacity (+6).
 b - the +0 glaive of Cuson {vorpal, +Blink MR+}
   (You bought it in a shop on level 9 of the Dungeon)

   It inflicts extra damage upon your enemies.
   It affects your resistance to hostile enchantments.
   It lets you blink.
 z - a +4 flail of protection
 J - a +5 short sword of speed
 M - a +4 mace of freezing
Missiles
 D - 74 poisoned darts (quivered)
Armour
 H - a +2 kite shield
 N - a +2 hat (worn)
 Z - a +2 buckler
Magical Staves
 c - an uncursed staff of conjuration
 f - an uncursed staff of cold
Jewellery
 e - a ring of protection from magic (on tentacle)
 l - a ring of protection from magic (right tentacle)
 m - a +6 ring of dexterity (on tentacle)
 o - a +6 ring of dexterity
 p - a ring of see invisible (on tentacle)
 v - the ring of the Princeling (on tentacle) {Wiz rElec rF- Str+5 Slay+2}
   (You took it off an orc on level 1 of the Orcish Mines)

   [ring of wizardry]

   It improves your spell success rate.
   It affects your strength (+5).
   It affects your accuracy and damage with ranged weapons and melee attacks
   (+2).
   It makes you vulnerable to fire.
   It insulates you from electricity.
 w - a +6 ring of intelligence (on tentacle)
 y - an uncursed ring of stealth
 E - an amulet of reflection (around mantle)
 F - a ring of magical power (left tentacle)
 L - the ring "Peofiv" (on tentacle) {rElec rPois rF+}
   (You found it on level 8 of the Dungeon)

   [ring of protection from fire]

   It protects you from fire.
   It insulates you from electricity.
   It protects you from poison.
 O - the amulet of Heanu Tula {Inacc rF- rN++ MR+++ Int+2}
   (You bought it in a shop on level 9 of the Dungeon)

   [amulet of inaccuracy]

   It reduces the accuracy of all your attacks.
   It affects your intelligence (+2).
   It makes you vulnerable to fire.
   It greatly protects you from negative energy.
   It affects your resistance to hostile enchantments.
Wands
 g - a wand of acid (9)
 h - a wand of digging (4)
 A - a wand of iceblast (17)
Scrolls
 j - 6 scrolls of remove curse
 k - 3 scrolls of immolation
 n - 28 scrolls of identify
 r - 5 scrolls of teleportation
 s - 4 scrolls of summoning
 t - a scroll of fog
 x - a scroll of enchant weapon
 I - 3 scrolls of magic mapping
 P - a scroll of blinking
 V - 5 scrolls of enchant armour
Potions
 i - 4 potions of flight
 q - 3 potions of lignification
 u - 3 potions of might
 B - 2 potions of resistance
 C - 2 potions of invisibility
 G - a potion of magic
 K - 5 potions of brilliance
 Q - 4 potions of haste
 S - 3 potions of heal wounds
 T - 6 potions of ambrosia
 U - 15 potions of curing
 W - 5 potions of berserk rage
Miscellaneous
 d - a box of beasts
 R - a phantom mirror


   Skills:
 + Level 6.4 Fighting
 + Level 1.2 Short Blades
 + Level 7.4(8.4) Maces & Flails
 + Level 5.9(7.6) Staves
 + Level 0.9 Throwing
 + Level 6.1 Dodging
 - Level 8.0 Stealth
 + Level 5.7 Shields
 * Level 15.5 Spellcasting
 + Level 14.2 Conjurations
 + Level 4.5 Summonings
 + Level 2.8 Translocations
 * Level 12.3 Fire Magic
 + Level 3.2 Air Magic
 * Level 4.9 Evocations


You had 6 spell levels left.
You knew the following spells:

 Your Spells              Type           Power        Failure   Level
a - Foxfire               Conj/Fire      ####         0%          1
b - Conjure Flame         Conj/Fire      #######.     0%          3
c - Inner Flame           Hex/Fire       ######..     1%          3
d - Spellforged Servitor  Conj/Summ      ######....   3%          7
e - Orb of Destruction    Conj           #######...   1%          7
f - Fireball              Conj/Fire      #######...   1%          5
g - Searing Ray           Conj           ######       0%          2
h - Airstrike             Air            #####.....   1%          4
i - Iskenderun's Mystic   Conj/Tloc      ######..     1%          4
j - Irradiate             Conj/Tmut      ######....   1%          5

Your spell library contained the following spells:

 Spells                   Type           Power        Failure   Level
 Freezing Cloud           Conj/Ice/Air   ######....   2%          6
 Magic Dart               Conj           ####         0%          1
 Corona                   Hex            ####...      1%          1
 Sandblast                Erth           ####..       1%          1
 Shock                    Conj/Air       ####         1%          1
 Ensorcelled Hibernation  Hex/Ice        ####..       1%          2
 Passwall                 Tmut/Erth      ####....     1%          2
 Swiftness                Air            #####...     1%          2
 Confusing Touch          Hex            ####....     1%          3
 Dazzling Flash           Conj/Hex       ######       1%          3
 Static Discharge         Conj/Air       ######..     1%          3
 Stone Arrow              Conj/Erth      ######       1%          3
 Tukima's Dance           Hex            ####....     1%          3
 Fulminant Prism          Conj/Hex       ######....   1%          4
 Sticky Flame             Conj/Fire      #######.     1%          4
 Bolt of Magma            Conj/Fire/Erth ######....   1%          5
 Iskenderun's Battlesphe  Conj           #######.     1%          5
 Lightning Bolt           Conj/Air       ######....   1%          5
 Iron Shot                Conj/Erth      ######....   1%          6
 Lee's Rapid Deconstruct  Erth           ####......   4%          5
 Petrify                  Tmut/Erth      ####....     6%          4
 Ignition                 Fire           #######...   8%          8
 Shatter                  Erth           ####......   100%        9
 Tornado                  Air            #####.....   100%        9


Dungeon Overview and Level Annotations

Branches:
Dungeon (12/15)            Temple (1/1) D:5            Lair (6/6) D:10
 Shoals (4/4) Lair:2       Spider (0/4) Lair:3        Slime (0/5) Lair:5
    Orc (2/2) D:10            Elf (0/3) Orc:2        Bailey (visited)
Volcano (visited)

Altars:
Ashenzari
Cheibriados
Dithmenos
Elyvilon
Fedhas
Gozag
Hepliaklqana
Kikubaaqudgha
Makhleb
Okawaru
Qazlal
Ru
Sif Muna
Uskayaw
Vehumet
Wu Jian
Xom
Yredelemnul
Zin
The Shining One
Beogh

Shops:
D:9 *(*:*   Orc:2 !!*}[(}   Shoals:3 !   Shoals:4 [

Annotations:
D:12 Azrael
Shoals:4 Polyphemus


Innate Abilities, Weirdness & Mutations

You cannot wear most types of armour.
You are very stealthy in the water. (Stealth+)
You are amphibious.
You can wear up to eight rings at the same time.
You can use your tentacles to constrict eight enemies at once.
Your skin changes colour to match your surroundings (Stealth+).
Your rubbery body absorbs attacks. (AC +1, EV +1)


Message History

Confirm with . or Enter, or press ? or * to list all spells.
You summon a servant imbued with your destructive magic!
The orb of destruction hits Polyphemus!!!!
Polyphemus is heavily wounded.
Polyphemus throws a large rock.
The large rock hits you!!!
* * * LOW HITPOINT WARNING * * *
You feel much better.
A merfolk comes into view. It is wielding a +0 trident.
The death yak gores you!!
* * * LOW HITPOINT WARNING * * *
Your spellforged servitor conjures an orb of pure magic.
Press: ? - help, v - describe, . - travel
Here: Polyphemus, quivering 5 large rocks (magical condensation, water, heavily wounded, fast) Some deep water.
Unknown command.
Press: ? - help, Dir - move target cursor, p - Polyphemus
As you read the scroll of blinking, it crumbles to dust.
The wind drake flaps its wings at you. The air twists around and strikes you!!
You die...

≈# ≈# ##............ .#
#≈.........P.. .≈# #........P≈P≈≈
.≈# #≈........≈≈≈≈ .###
.#.........≈≈P≈ .≈≈####
#.........PP≈≈..≈..≈≈ .≈≈≈#≈#
............≈≈....P≈≈≈ ≈≈≈≈≈≈≈
.......@..P≈≈P≈...≈≈≈≈ ≈≈≈≈≈≈≈≈
...............P..PP≈≈≈
≈≈≈≈≈≈≈≈≈...................≈≈≈≈≈
≈≈≈≈≈≈≈≈≈..........Y...k....≈≈≈≈≈
≈≈≈≈≈≈≈≈≈....###.###Y.......≈≈≈≈≈
≈≈≈≈≈≈≈≈≈.... ### #mY......≈≈≈≈≈
≈≈≈≈≈≈≈≈≈..# #..##Y*....≈P≈≈≈
(≈≈≈≈≈≈≈≈..#


m≈m #.§8..P≈≈≈≈≈ ≈≈≈≈≈≈≈≈≈≈≈# # #......≈≈≈≈≈ You could see 4 death yaks, a wind
drake (repels missiles) and a merfolk.

Vanquished Creatures
  A titan (Shoals:1)
  The ghost of unhaunting the Fighter, an adept DrWz of Ashenzari (Orc:1)
  A stone giant (Shoals:1)
  A red draconian (Volcano)
  2 merfolk javelineers (Shoals:4)
  6 merfolk impalers
  13 hydras
  3 catoblepae
  Erica (D:10)
  2 merfolk avatars
  A centaur warrior (Volcano)
  2 merfolk aquamancers
  An alligator snapping turtle (Shoals:4)
  2 satyrs (Shoals:2)
  3 death yaks (Lair:6)
  A deep troll shaman (Lair:6)
  4 orc high priests
  2 unseen horrors
  10 sea snakes
  A lindwurm (Lair:4)
  17 harpies
  An orb spider (Lair:3)
  16 orc knights
  7 orc sorcerers (Orc:2)
  An ugly thing (D:9)
  8 manticores
  16 fauns (Shoals:2)
  10 merfolk sirens
  5 cyclopes
  13 elephants
  6 black mambas
  2 water nymphs
  A torpor snail (Lair:2)
  A centaur skeleton (D:11)
  16 cane toads
  8 komodo dragons
  3 rime drakes
  A kobold demonologist (D:8)
  3 yaktaurs (Volcano)
  17 merfolk
  A polar bear (Lair:6)
  2 trolls
  4 wind drakes
  A queen bee (Lair:2)
  14 blink frogs
  2 dream sheep (Lair:2)
  8 snapping turtles
  10 wyverns
  Sigmund (D:3)
  2 wraiths
  A vampire (D:11)
  8 water elementals
  8 basilisks
  A fire elemental (D:12)
  Eustachio (D:5)
  A vampire mosquito (D:8)
  60 yaks
  2 steam dragons
  Edmund (D:5)
  A warg (Orc:2)
  A soldier ant (D:11)
  3 hell hounds (D:11)
  2 acid dragons (D:11)
  14 water moccasins
  Duvessa (D:5)
  27 orc warriors
  3 ice beasts
  3 sky beasts
  7 black bears
  A phantom (D:11)
  10 ogres
  17 wolves
  10 centaurs
  2 big kobolds
  17 bullfrogs
  A water moccasin zombie (D:7)
  2 scorpions
  Dowan (D:5)
  A water moccasin skeleton (D:8)
  32 killer bees
  5 howler monkeys
  9 wights
  A bullfrog zombie (D:11)
  4 jellies
  3 centaur zombies
  5 hounds
  16 orc priests
  4 bullfrog skeletons
  25 orc wizards
  Jessica (D:3)
  5 iguanas
  Terence (D:2)
  2 hell rats (Lair:3)
  6 worker ants
  8 gnolls
  7 river rats (Lair:3)
  9 adders
  3 shadow imps
  3 white imps
  3 ufetubi
  6 oozes
  An adder zombie (D:8)
  2 adder skeletons
  2 worms (D:2)
  4 dart slugs
  6 leopard geckos
  120 orcs
  8 giant cockroaches
  11 goblins
  3 hobgoblins
  10 jackals
  10 quokkas
  9 bats
  7 frilled lizards
  A jackal skeleton (D:5)
  18 kobolds
  A quokka skeleton (D:7)
  7 rats
  4 bushes (Lair:4)
844 creatures vanquished.

Vanquished Creatures (collateral kills)
  A boulder beetle (D:8)
  A faun (Shoals:2)
  2 snapping turtles (Shoals:2)
  A centaur (Shoals:3)
  2 foxfires (D:10)
7 creatures vanquished.

Vanquished Creatures (others)
  2 orc wizards (Orc:2)
  1102 foxfires
  39 fungi
  134 plants
1277 creatures vanquished.

Grand Total: 2128 creatures vanquished

Notes
Turn   | Place    | Note
-------+----------+-------------------------------------------
     0 | D:1      | Conn the Octopode Fire Elementalist began the quest for the
                  | Orb.
     0 | D:1      | Reached XP level 1. HP: 11/11 MP: 3/3
   132 | D:1      | Reached XP level 2. HP: 17/17 MP: 5/5
   483 | D:1      | Reached XP level 3. HP: 21/21 MP: 6/6
  1031 | D:2      | Noticed Terence
  1109 | D:3      | Noticed Jessica
  1116 | D:3      | Killed Jessica
  1117 | D:3      | Reached XP level 4. HP: 19/27 MP: 8/8
  1223 | D:3      | Noticed Sigmund
  1272 | D:3      | Killed Sigmund
  1273 | D:3      | Reached skill level 3 in Spellcasting
  1273 | D:3      | Reached XP level 5. HP: 3/32 MP: 10/10
  1577 | D:3      | You fall into a shaft and drop 2 floors!
  1577 | D:5      | Entered Level 5 of the Dungeon
  1706 | D:5      | Noticed Edmund
  1728 | D:6      | Reached XP level 6. HP: 37/37 MP: 11/11
  1732 | D:6      | Learned a level 3 spell: Conjure Flame
  1736 | D:6      | Learned a level 3 spell: Inner Flame
  1741 | D:6      | Learned a level 4 spell: Sticky Flame
  1764 | D:5      | Noticed Dowan
  1772 | D:5      | Noticed Duvessa
  2209 | D:5      | Noticed Eustachio
  2225 | D:5      | Killed Eustachio
  2226 | D:5      | Reached skill level 4 in Spellcasting
  2226 | D:5      | Reached XP level 7. HP: 34/42 MP: 13/13
  2329 | D:5      | Found a staircase to the Ecumenical Temple.
  2486 | D:5      | Reached skill level 1 in Fighting
  2709 | D:3      | You fall into a shaft and drop 1 floor!
  3464 | D:5      | Found a blossoming altar of Fedhas.
  3477 | D:5      | Killed Dowan
  3491 | D:5      | Killed Duvessa
  3492 | D:5      | Reached skill level 5 in Fire Magic
  3492 | D:5      | Reached XP level 8. HP: 36/50 MP: 8/15
  3641 | Temple   | Entered the Ecumenical Temple
  3708 | Temple   | Became a worshipper of Vehumet
  3984 | D:5      | Reached skill level 1 in Short Blades
  4061 | D:5      | Killed Edmund
  4062 | D:5      | Reached skill level 5 in Stealth
  4062 | D:5      | Reached skill level 5 in Spellcasting
  4999 | D:4      | Found a basalt altar of Yredelemnul.
  5038 | D:4      | Found an ancient bone altar of Kikubaaqudgha.
  5038 | D:4      | Found a hide-covered altar of Uskayaw.
  5046 | D:4      | Found a faded altar of an unknown god.
  5048 | D:4      | Found an ornate altar of the Wu Jian Council.
  5049 | D:4      | Found a faded altar of an unknown god.
  5491 | D:3      | Reached skill level 1 in Maces & Flails
  6047 | D:2      | Found an opulent altar of Gozag.
  6109 | D:2      | Killed Terence
  7110 | D:7      | Reached * piety under Vehumet
  7110 | D:7      | Offered knowledge of Magic Dart by Vehumet.
  7119 | D:7      | Reached XP level 9. HP: 45/55 MP: 17/17
  7121 | D:7      | Learned a level 1 spell: Magic Dart
  7127 | D:7      | Learned a level 5 spell: Fireball
  7190 | D:7      | Found a sacrificial altar of Ru.
  7236 | D:7      | Reached skill level 1 in Shields
  7861 | D:8      | Found a runed translucent door.
  7918 | D:8      | Found a broken altar of Ashenzari.
  7926 | D:8      | Noticed an unseen horror
  7941 | D:8      | Noticed a boulder beetle
  7951 | D:8      | Noticed a boulder beetle
  8063 | D:8      | Found a white marble altar of Elyvilon.
  8209 | D:8      | Found a runed translucent door.
  8266 | D:8      | Offered knowledge of Searing Ray by Vehumet.
  8429 | D:8      | Learned a level 2 spell: Searing Ray
  8446 | D:8      | Noticed a kobold demonologist
  8460 | D:8      | Killed a kobold demonologist
  8460 | D:8      | Reached ** piety under Vehumet
  8461 | D:8      | Reached skill level 5 in Maces & Flails
  8498 | D:8      | Reached skill level 5 in Conjurations
  8502 | D:8      | Reached skill level 6 in Spellcasting
  8649 | D:8      | Reached XP level 10. HP: 55/63 MP: 19/19
  9030 | D:9      | Found Okhah's Weapon Shop.
  9394 | D:9      | Found Dewomuhu's Assorted Antiques.
 10016 | D:9      | Found Kourgh's Book Shoppe.
 10037 | D:9      | Found Vididuoll's Assorted Antiques.
 10045 | D:9      | Bought an ancient ruby amulet for 140 gold pieces
 10055 | D:9      | Identified the amulet of Heanu Tula {Inacc rF- rN++ MR+++
                  | Int+2} (You bought it in a shop on level 9 of the Dungeon)
 10157 | D:9      | Bought a scroll of blinking for 210 gold pieces
 10274 | D:9      | Offered knowledge of Stone Arrow by Vehumet.
 10437 | D:9      | Noticed a white ugly thing
 10455 | D:9      | Killed a white ugly thing
 10456 | D:9      | Reached skill level 7 in Spellcasting
 10639 | D:9      | Found Liaco's General Store.
 10820 | D:10     | Entered Level 10 of the Dungeon
 10824 | D:10     | Reached *** piety under Vehumet
 10906 | D:10     | Found a staircase to the Orcish Mines.
 11102 | D:10     | Offered knowledge of Ignite Poison by Vehumet.
 11108 | D:10     | Learned a level 4 spell: Airstrike
 11147 | D:10     | Found a staircase to the Lair.
 11331 | D:10     | Reached XP level 11. HP: 64/69 MP: 22/22
 11371 | D:10     | Noticed an unseen horror
 11383 | D:10     | Killed an unseen horror
 11593 | D:10     | Reached **** piety under Vehumet
 11619 | D:10     | Offered knowledge of Fulminant Prism by Vehumet.
 12441 | D:10     | Reached skill level 8 in Spellcasting
 12552 | D:10     | Noticed Erica
 12572 | D:10     | Killed Erica
 14123 | D:11     | Noticed a cyclops
 14440 | D:11     | Killed a cyclops
 14441 | D:11     | Reached skill level 1 in Air Magic
 14734 | D:11     | Reached ***** piety under Vehumet
 14734 | D:11     | Offered knowledge of Iskenderun's Mystic Blast by Vehumet.
 14755 | D:11     | Learned a level 4 spell: Iskenderun's Mystic Blast
 15331 | D:12     | Noticed Azrael
 15354 | D:11     | Reached skill level 9 in Spellcasting
 16002 | D:8      | Reached XP level 12. HP: 69/75 MP: 25/25
 16019 | D:8      | Killed a boulder beetle
 16761 | D:8      | Got a scorched pewter ring
 16763 | D:8      | Identified the ring "Peofiv" {rElec rPois rF+} (You found
                  | it on level 8 of the Dungeon)
 16877 | Orc:1    | Entered Level 1 of the Orcish Mines
 16929 | Orc:1    | Found a runed translucent gate.
 16929 | Orc:1    | Found a runed translucent gate.
 16929 | Orc:1    | Found a runed translucent gate.
 16933 | Orc:1    | Noticed unhaunting's ghost (adept DrWz)
 16934 | Orc:1    | Noticed an orc high priest
 16936 | Orc:1    | Identified the +6 double sword of Ascent {freeze, rElec MR+
                  | Dex-5}
 16936 | Orc:1    | Identified the +9 plate armour of Qazlal's Hope {rF- rC++}
 17155 | Orc:1    | Identified the ring of the Princeling {Wiz rElec rF- Str+5
                  | Slay+2}
 17162 | Orc:1    | Found a roughly hewn altar of Beogh.
 17166 | Orc:1    | Found a flagged portal.
 17183 | Bailey   | Entered a bailey
 17763 | Bailey   | Reached skill level 5 in Dodging
 18133 | Bailey   | Reached skill level 10 in Spellcasting
 18390 | Orc:1    | Reached skill level 1 in Translocations
 18684 | Orc:1    | Killed an orc high priest
 18697 | Orc:1    | Killed unhaunting's ghost
 18698 | Orc:1    | Reached XP level 13. HP: 73/81 MP: 12/27
 18903 | Orc:2    | Entered Level 2 of the Orcish Mines
 18909 | Orc:2    | Found Qeenorchisa's Weapon Boutique.
 18918 | Orc:2    | Bought the +6 Majin-Bo {vamp, MP+6 Int+6} for 816 gold
                  | pieces
 18918 | Orc:2    | Found the +6 Majin-Bo {vamp, MP+6 Int+6}
 18929 | Orc:2    | Learned a level 7 spell: Orb of Destruction
 18956 | Orc:2    | Reached skill level 11 in Spellcasting
 18956 | Orc:2    | Reached skill level 10 in Conjurations
 19281 | Orc:2    | Found a roughly hewn altar of Beogh.
 19578 | Orc:2    | Found Ufu Qast's Gadget Boutique.
 19596 | Orc:2    | Found Imukhlopp's Antique Armour Shoppe.
 19707 | Orc:2    | Found a staircase to the Elven Halls.
 19777 | Orc:2    | Found Kicatet's Gadget Boutique.
 19805 | Orc:2    | Offered knowledge of Starburst by Vehumet.
 20083 | Orc:2    | Reached skill level 1 in Staves
 20088 | Orc:2    | Reached skill level 5 in Fighting
 20559 | Orc:2    | Reached skill level 10 in Fire Magic
 20693 | Orc:2    | Found Wietim's Distillery.
 20694 | Orc:2    | Found Okavu's Assorted Antiques.
 20703 | Orc:2    | Found Bikk's Distillery.
 21386 | Lair:1   | Entered Level 1 of the Lair of Beasts
 22690 | Lair:1   | Reached XP level 14. HP: 88/88 MP: 29/29
 22866 | Lair:2   | Reached skill level 12 in Spellcasting
 22948 | Lair:2   | Offered knowledge of Yara's Violent Unravelling by Vehumet.
 23186 | Lair:2   | Reached skill level 5 in Shields
 23201 | Lair:2   | Reached XP level 15. HP: 68/92 MP: 31/31
 23206 | Lair:2   | Found a staircase to the Shoals.
 24945 | Lair:3   | Offered knowledge of Irradiate by Vehumet.
 24952 | Lair:3   | Learned a level 5 spell: Irradiate
 25395 | Lair:3   | Found a hole to the Spider Nest.
 26583 | Lair:4   | Found a broken altar of Ashenzari.
 26939 | Lair:5   | Reached skill level 5 in Staves
 27227 | Lair:5   | Found a dark tunnel.
 27373 | Volcano  | Entered a volcano
 27722 | Volcano  | Reached skill level 13 in Spellcasting
 27934 | Volcano  | Found a bloodstained altar of Trog.
 28259 | Lair:5   | Found a staircase to the Slime Pits.
 28707 | Lair:6   | Entered Level 6 of the Lair of Beasts
 29572 | Lair:6   | Reached XP level 16. HP: 88/99 MP: 15/33
 30116 | Lair:6   | Offered knowledge of Conjure Ball Lightning by Vehumet.
 31209 | Lair:6   | Reached skill level 14 in Spellcasting
 31589 | D:9      | Bought a book of the Tempests for 840 gold pieces
 31628 | D:9      | Bought the cursed +0 glaive of Cuson {vorpal, +Blink MR+}
                  | for 420 gold pieces
 31734 | Shoals:1 | Entered Level 1 of the Shoals
 31773 | Shoals:1 | Reached skill level 1 in Evocations
 33155 | Shoals:1 | Noticed a titan
 33175 | Shoals:1 | Killed a titan
 33427 | Shoals:1 | Learned a level 7 spell: Spellforged Servitor
 35669 | Shoals:2 | Reached XP level 17. HP: 100/105 MP: 34/35
 36311 | Shoals:3 | Found Decweg's Distillery.
 36330 | Shoals:3 | Reached skill level 15 in Spellcasting
 36338 | Shoals:3 | Offered knowledge of Freezing Cloud by Vehumet.
 36368 | Shoals:3 | Bought a potion of heal wounds for 95 gold pieces
 37066 | Shoals:3 | Bought a potion of heal wounds for 95 gold pieces
 37099 | Shoals:4 | Entered Level 4 of the Shoals
 37723 | Shoals:4 | Found Barchy's Antique Armour Shop.
 38203 | Shoals:4 | Noticed Polyphemus
 38217 | Shoals:4 | Killed from afar by a wind drake

Illustrated notes

Levels and vault maps discovered:
D:1:      eino_arrival_cavern_d, layout_basic
D:2:      layout_rooms, old_standard_altar, hex_tiny, uniq_terence
D:3:      layout_loops_corners, chequers_serial_rivers_large_a, uniq_jessica,
          uniq_sigmund
D:4:      layout_basic, chequers_temple_overflow_minitemple, lemuel_round_altar
D:5:      layout_loops_corners, temple_fountains,
          nicolae_ossuary_entry_false_entrances, minmay_crystal_room,
          chequers_hall_statues_y, fedhas_altar_1, uniq_eustachio, uniq_edmund,
          uniq_duvessa
D:6:      layout_loops_cross
D:7:      layout_loops_cross, nicolae_ru_great_annihilating_truth
D:8:      cheibrodos_histonic, layout_rooms, nicolae_ashenzari_panopticon,
          elyvilon_altar_1, grunt_ministairs_6, minivault_12
D:9:      layout_loops_corners, serial_shops, nicolae_shop_trees, shop, shop,
          shop_statue, nicolae_shop_statue_plus, minmay_bent
D:10:     layout_grid_maze, grunt_lair_entry_orc_guard_hut, hiddenorc2_lemuel,
          uniq_erica
D:11:     layout_grid_maze
D:12:     layout_layer_cave, uniq_azrael
Temple:   regret_index_temple_waves
Lair:1:   layout_hall_layers
Lair:2:   regret_index_bee_streams, layout_regular_city,
          elwin_shoals_entry_rocks, grunt_megastairs_4
Lair:3:   layout_regular_city, nicolae_spider_entry_orb_guardian,
          kennysheep_rathole
Lair:4:   layout_roguey, basic_altar
Lair:5:   layout_concentric_octagons, nicolae_slime_entry_slimehenge,
          nicolae_volcano_entry_lava_flow
Lair:6:   grunt_lair_end_beastmaster, layout_cave_shapes
Shoals:1: cheibrodos_shoals_gigantism, layout_shoals,
          nicolae_shoals_square_sea_wall
Shoals:2: layout_shoals
Shoals:3: layout_shoals, serial_shops, nicolae_shop_trees
Shoals:4: shoals_end_grunt_ice, layout_shoals, serial_shops,
          nicolae_shop_window_shopping, shop, nicolae_shop_statue_plus,
          uniq_polyphemus
Orc:1:    layout_caves, biasface_ghost_orc_armoury, enter_bailey_6
Orc:2:    st_orc_elflike, layout_diamond_mine, basic_altar, serial_shops,
          nicolae_shop_crystal, shop, nicolae_shop_stone

Skill      XL: |  1  2  3  4  5  6  7  8  9 10 11 12 13 14 15 16 17 |
---------------+----------------------------------------------------+-----
Stealth        | 3 4 5 7 8 |  8.0
Spellcasting   | 3 4 5 6 7 9 10 11 12 13 14 15 | 15.5
Conjurations   | 2 3 4 5 6 8 9 11 12 13 14 | 14.2
Fire Magic     | 4 5 6 7 8 9 10 11 12 | 12.3
Dodging        | 3 4 5 6 |  6.1
Fighting       | 2 3 4 5 6 |  6.4
Short Blades   | 1 |  1.2
Maces & Flails | 2 5 6 7 |  7.4
Shields        | 2 4 5 |  5.7
Air Magic      | 2 3 |  3.2
Translocations | 1 2 |  2.8
Staves         | 2 3 5 |  5.9
Summonings     | 3 4 |  4.5
Evocations     | 3 4 |  4.9
Throwing       | |  0.9

Action                   |  1- 3 |  4- 6 |  7- 9 | 10-12 | 13-15 | 16-18 || total
-------------------------+-------+-------+-------+-------+-------+-------++-------
Melee: Short sword       |    20 |    12 |    31 |       |       |       ||    63
       Constrict         |     7 |     3 |    55 |    27 |    42 |     8 ||   142
       Tentacles         |     3 |     4 |    44 |    38 |    78 |    13 ||   180
       Flail             |       |       |   199 |   184 |     9 |       ||   392
       Quarterstaff      |       |       |       |       |   249 |    28 ||   277
       Staff             |       |       |       |       |    14 |    10 ||    24
       Glaive            |       |       |       |       |       |     2 ||     2
Throw: Dart              |       |       |       |     5 |       |       ||     5
       Throwing net      |       |       |       |     1 |       |       ||     1
 Cast: Foxfire           |    38 |    18 |   124 |   291 |   136 |    18 ||   625
       Conjure Flame     |       |     1 |     5 |    13 |     1 |       ||    20
       Sticky Flame      |       |       |    10 |    30 |    18 |     2 ||    60
       Searing Ray       |       |       |     1 |     9 |     9 |     1 ||    20
       Fireball          |       |       |     1 |    80 |   127 |   136 ||   344
       Airstrike         |       |       |       |     6 |       |       ||     6
       Iskenderun's Myst |       |       |       |    26 |    30 |    32 ||    88
       Inner Flame       |       |       |       |     3 |       |       ||     3
       Orb of Destructio |       |       |       |       |    30 |    89 ||   119
       Irradiate         |       |       |       |       |     1 |       ||     1
       Spellforged Servi |       |       |       |       |       |     4 ||     4
Evoke: Wand              |       |     1 |     1 |     4 |       |     1 ||     7
       Box of beasts     |       |       |       |     1 |       |     1 ||     2
       Phantom mirror    |       |       |       |     1 |       |       ||     1
  Use: Scroll            |     2 |     4 |       |    14 |     3 |     7 ||    30
       Potion            |       |     3 |     1 |    14 |     5 |     3 ||    26
 Stab: Sleeping          |     1 |     1 |    28 |     9 |     3 |     1 ||    43
       Distracted        |       |       |     1 |     1 |     2 |       ||     4
       Paralysed         |       |       |     1 |       |       |       ||     1
       Held in net/web   |       |       |       |     1 |       |       ||     1
       Invisible         |       |       |       |       |     3 |       ||     3
Armor: Skin              |     3 |     1 |    48 |    46 |    19 |     8 ||   125
Dodge: Dodged            |    37 |    15 |   202 |   170 |   273 |    65 ||   762
Block: Other             |       |       |    38 |    60 |    81 |    23 ||   202
       Reflection        |       |       |     1 |     3 |     3 |     7 ||    14

Table legend: (Time is in decaauts)
 A = Elapsed time spent in this place.
 B = Non-inter-level travel time spent in this place.
 C = Inter-level travel time spent in this place.
 D = Time resting spent in this place.
 E = Time spent auto-exploring this place.
 F = Levels seen in this place.
 G = Mean time per level.
                   A        B        C        D        E       F      G
               +--------+--------+--------+--------+--------+-----+--------+
         Total |  38302 |  37161 |   1141 |  12154 |  14958 |  27 | 1418.6 |
       Dungeon |  17046 |  16325 |    721 |   4133 |   7538 |  12 | 1420.5 |
        Temple |    125 |     67 |     58 |      0 |      0 |   1 |  125.0 |
          Lair |   9560 |   9289 |    271 |   2700 |   4469 |   6 | 1593.3 |
        Shoals |   6482 |   6406 |     76 |   2972 |   1969 |   4 | 1620.5 |
  Orcish Mines |   3343 |   3330 |     13 |   1133 |    982 |   2 | 1671.5 |
        Bailey |   1115 |   1115 |      0 |    743 |      0 |   1 | 1115.0 |
       Volcano |    627 |    627 |      0 |    473 |      0 |   1 |  627.0 |
               +--------+--------+--------+--------+--------+-----+--------+

Top non-repeatable levels by time:
    D:10: 2923 daAuts
  Lair:6: 2712 daAuts
Shoals:1: 2390 daAuts
    D:11: 2241 daAuts
     D:9: 2149 daAuts
     D:8: 1953 daAuts
   Orc:2: 1885 daAuts
  Lair:2: 1878 daAuts
Shoals:3: 1672 daAuts
     D:5: 1618 daAuts
Shoals:2: 1605 daAuts
   Orc:1: 1458 daAuts
     D:3: 1416 daAuts
  Lair:1: 1404 daAuts
     D:4: 1348 daAuts
